 Dungeon Crawl Stone Soup version 0.29-a0-512-gf59ac788ac (webtiles) character file.

Game seed: 11959336295203456330

796 Spectrina the Shooter (level 7, -2/40 HPs)
             Began as a Deep Elf Monk on May 29, 2022.
             Was a Believer of Elyvilon.
             Slain by Crazy Yiuf
             ... wielding a +3 quarterstaff of chaos
              (13 damage)
             ... on level 6 of the Dungeon.
             The game lasted 00:30:40 (2728 turns).

Spectrina the Shooter (Deep Elf Monk)               Turns: 2728, Time: 00:30:41

Health: -2/40      AC:  9    Str: 10    XL:     7   Next: 58%
Magic:  20/20      EV: 11    Int: 15    God:    Elyvilon [**....]
Gold:   280        SH:  0    Dex: 17    Spells: 6/6 levels left

rFire   . . .      SeeInvis .   b - +2 dagger (venom)
rCold   . . .      Faith    .   (no shield)
rNeg    . . .      Spirit   .   x - +0 ring mail
rPois   .          Reflect  .   (no helmet)
rElec   .          Harm     .   D - +0 cloak
rCorr   .          Rampage  .   j - +1 pair of gloves
Will    .....                   z - +0 pair of boots
Stlth   +.........              c - amulet of regeneration
HPRegen 0.93/turn               i - ring of magical power
MPRegen 0.17/turn               (no ring)

@: confused, mighty, lethally poisoned (-2 -> -4), ambrosia-drunk, slowed,
invisible, very slow
A: no striking features
a: Renounce Religion, Purification, Heal Other


You were on level 6 of the Dungeon.
You worshipped Elyvilon.
Elyvilon was pleased with you.
You visited 2 branches of the dungeon, and saw 7 of its levels.

You collected 280 gold pieces.

Inventory:

Hand Weapons
 a - a +0 shortbow
 b - a +2 dagger of venom (weapon)
 t - a +1 short sword of flaming
 v - a +0 quarterstaff
 w - a +2 dagger of speed
 C - a +0 glaive
 K - a +0 great sword
Missiles
 f - 121 stones
 B - 6 poisoned darts
Armour
 j - a +1 pair of gloves (worn)
 o - a +0 leather armour
 r - a +0 robe
 x - a +0 ring mail (worn)
 z - a +0 pair of boots (worn)
 A - a +0 scale mail
 D - a +0 cloak (worn)
Jewellery
 c - an amulet of regeneration (around neck)
 i - a ring of magical power (left hand)
Scrolls
 l - a scroll of amnesia {unknown}
 q - a scroll of torment {unknown}
 y - a scroll of poison {unknown}
 E - a scroll of fog {unknown}
 F - 2 scrolls of teleportation {unknown}
 H - a scroll of silence {unknown}
 I - a scroll of summoning {unknown}
 J - a scroll of enchant armour {unknown}
Potions
 d - 2 potions of cancellation {unknown}
 e - a potion of berserk rage
 g - a potion of degeneration
 k - 2 potions of invisibility
 n - a potion of heal wounds {unknown}
 p - a potion of attraction {unknown}
 s - a potion of haste {unknown}
 u - a potion of lignification {unknown}
 G - a potion of brilliance {unknown}


   Skills:
 - Level 2.4 Fighting
 + Level 2.8 Short Blades
 - Level 3.4 Polearms
 * Level 7.0 Bows
 - Level 3.6 Dodging
 + Level 4.7 Stealth
 * Level 3.1 Invocations


You had 6 spell levels left.
You didn't know any spells.
Your spell library contained the following spells:

 Spells                   Type           Power      Damage    Failure   Level
 Magic Dart               Conj           0%         1d3       56%         1
 Searing Ray              Conj           0%         2d4       71%         2
 Inner Flame              Hex/Fire       0%         N/A       91%         3
 Cause Fear               Hex            0%         N/A       100%        4
 Fulminant Prism          Conj/Hex       0%         3d6       100%        4
 Discord                  Hex            0%         N/A       100%        8


Dungeon Overview and Level Annotations

Branches:
Dungeon (6/15)             Temple (1/1) D:5

Altars:
Ashenzari
Cheibriados
Dithmenos
Elyvilon
Fedhas
Gozag
Kikubaaqudgha
Makhleb
Nemelex Xobeh
Okawaru
Qazlal
Ru
Sif Muna
Trog
Uskayaw
Vehumet
Wu Jian
Xom
Yredelemnul
Zin
The Shining One

Annotations:
D:4 3 runed translucent doors, thiole's ghost, novice OpWz
D:6 Crazy Yiuf; Prince Ribbit


Message History

Crazy Yiuf misses you.
You barely miss Crazy Yiuf. Crazy Yiuf barely misses you.
You hit Crazy Yiuf but do no damage.
Crazy Yiuf is lightly wounded.
Crazy Yiuf drinks a potion.
Crazy Yiuf flickers and vanishes!
Deactivating autopickup; reactivate with Ctrl-A.
You closely miss something. You hit something but do no damage.
Something hits you!
You are confused.
You hit something. Something hits you but does no damage.
You feel yourself slow down.
You're too confused to move!
You feel less confused. Something hits you but does no damage.
You suddenly lose the ability to move!
Something hits you!
You feel very mighty all of a sudden. Something hits you!
You can move again.
Unknown command.
You miss something. Something hits you.
You miss something. Something hits you!
* * * LOW HITPOINT WARNING * * *
Something burns you.
* * * LOW HITPOINT WARNING * * *
Unknown command.
You fade into invisibility!
Something hits you.
* * * LOW HITPOINT WARNING * * *
You are lethally poisoned!
Something hits you.
* * * LOW HITPOINT WARNING * * *
Unknown command.
You are confused.
You feel invigorated.
You feel very sick. Something hits you! Elyvilon protects you from harm!
Unknown command.
You closely miss something.
You feel sick. Something hits you!
You die...

#.......####
♣....♣
..##...##
♣...♣♣ ###.#
♣♣.♣♣ #.#
♣.♣♣ #..
♣♣.♣ #..
♣.♣♣ #...
♣♣.♣ ....
##'## ..F..
#.@.# #.{.#
#..)# #####


There were no monsters in sight!

Vanquished Creatures
  An ice beast (D:5)
  2 phantoms (D:4)
  A howler monkey (D:5)
  2 jellies (D:4)
  An orc priest (D:6)
  6 hounds
  3 orc wizards
  6 adders
  A shadow imp (D:6)
  2 white imps (D:5)
  A worm (D:5)
  A dart slug (D:1)
  16 orcs
  A bat (D:3)
  7 endoplasms
  3 giant cockroaches
  5 hobgoblins
  3 jackals
  4 kobolds
  3 quokkas
  6 ball pythons
  5 frilled lizards
  9 goblins
  3 rats
92 creatures vanquished.

Notes
Turn   | Place    | Note
-------+----------+-------------------------------------------
     0 | D:1      | Spectrina the Deep Elf Monk began the quest for the Orb.
     0 | D:1      | Reached XP level 1. HP: 13/13 MP: 3/3
    57 | D:1      | Reached XP level 2. HP: 11/18 MP: 4/4
   701 | D:2      | Reached XP level 3. HP: 22/22 MP: 5/5
  1054 | D:3      | Reached skill level 2 in Bows
  1054 | D:3      | Reached XP level 4. HP: 19/27 MP: 6/6
  1107 | D:4      | Reached skill level 3 in Bows
  1110 | D:4      | Noticed a phantom
  1129 | D:4      | Upgraded the game from 0.29-a0-506-ga2e7fffb44 to
                  | 0.29-a0-512-gf59ac788ac
  1233 | D:3      | Reached skill level 4 in Bows
  1233 | D:3      | Reached XP level 5. HP: 30/31 MP: 7/7
  1472 | D:4      | Noticed a phantom
  1497 | D:4      | Killed a phantom
  1498 | D:4      | Reached skill level 1 in Short Blades
  1554 | D:4      | Found a runed translucent gate.
  1554 | D:4      | Found a runed translucent gate.
  1555 | D:4      | Found a runed translucent gate.
  1560 | D:4      | Noticed thiole's ghost (novice OpWz)
  1590 | D:5      | Entered Level 5 of the Dungeon
  1611 | D:5      | Reached skill level 5 in Bows
  1642 | D:5      | Reached XP level 6. HP: 36/36 MP: 8/8
  1758 | D:5      | Found a staircase to the Ecumenical Temple.
  1769 | Temple   | Entered the Ecumenical Temple
  1811 | Temple   | Became a worshipper of Elyvilon the Healer
  1811 | Temple   | Reached * piety under Elyvilon
  1811 | Temple   | Reached ** piety under Elyvilon
  1885 | D:5      | Noticed an ice beast
  1900 | D:5      | Killed an ice beast
  1901 | D:5      | Reached skill level 6 in Bows
  1901 | D:5      | Reached skill level 1 in Invocations
  2080 | D:4      | Reached XP level 7. HP: 40/40 MP: 10/10
  2616 | D:6      | Reached skill level 7 in Bows
  2687 | D:6      | Noticed Prince Ribbit
  2708 | D:6      | Found a runed translucent door.
  2710 | D:6      | Noticed Crazy Yiuf
  2722 | D:6      | Paralysed by something for 2 turns
  2727 | D:6      | Elyvilon protects you from harm!
  2728 | D:6      | Slain by Crazy Yiuf

Illustrated notes

Levels and vault maps discovered:
D:1:      co_arrival_hall_of_pillars, layout_loops_ring, minmay_misc_feat_five,
          chequers_serial_rivers_micro_e
D:2:      layout_basic
D:3:      layout_loops_cross
D:4:      layout_basic, gammafunk_ghost_necromancy
D:5:      layout_loops_ring, minmay_temple_entry_purple_smoke, uniq_ijyb
D:6:      layout_layer_cave, minmay_misc_feat_pillars, uniq_crazy_yiuf_cottage,
          uniq_prince_ribbit1
Temple:   kilobyte_greek_temple

Skill      XL: |  1  2  3  4  5  6  7 |
---------------+----------------------+-----
Polearms       | 3 |  3.4
Bows           | 2 4 5 6 7 |  7.0
Short Blades   | 1 2 |  2.8
Stealth        | 3 4 |  4.7
Invocations    | 2 3 |  3.1
Fighting       | |  2.4
Dodging        | |  3.6

Action                   |  1- 3 |  4- 6 |  7- 9 || total
-------------------------+-------+-------+-------++-------
Melee: Spear             |   170 |       |       ||   170
       Dagger            |       |    46 |    37 ||    83
       Glaive            |       |    19 |     4 ||    23
 Fire: Shortbow          |    30 |    72 |    41 ||   143
       Hunting sling     |     1 |       |       ||     1
Throw: Stone             |    27 |       |       ||    27
  Use: Potion            |     1 |       |     2 ||     3
       Scroll            |       |       |     3 ||     3
 Stab: Sleeping          |     5 |       |       ||     5
Armor: Robe              |    20 |       |       ||    20
       Leather armour    |    32 |       |       ||    32
       Ring mail         |       |     8 |    16 ||    24
       Scale mail        |       |    40 |       ||    40
Dodge: Dodged            |   101 |    39 |    17 ||   157

Table legend: (Time is in decaauts)
 A = Elapsed time spent in this place.
 B = Non-inter-level travel time spent in this place.
 C = Inter-level travel time spent in this place.
 D = Time resting spent in this place.
 E = Time spent auto-exploring this place.
 F = Levels seen in this place.
 G = Mean time per level.
                   A        B        C        D        E       F      G
               +--------+--------+--------+--------+--------+-----+--------+
         Total |   2771 |   2606 |    165 |      0 |      0 |   7 |  395.9 |
       Dungeon |   2692 |   2554 |    138 |      0 |      0 |   6 |  448.7 |
        Temple |     78 |     51 |     27 |      0 |      0 |   1 |   78.0 |
               +--------+--------+--------+--------+--------+-----+--------+

Top non-repeatable levels by time:
     D:4: 684 daAuts
     D:1: 522 daAuts
     D:3: 442 daAuts
     D:5: 417 daAuts
     D:2: 315 daAuts
     D:6: 309 daAuts
  Temple: 78 daAuts
